 Dungeon Crawl Stone Soup version 0.31-a0-210-gccc998df9b (webtiles) character file.

Game seed: 12267126663085523184

39 qw the Shooter (level 3, -1/30 HPs)
             Began as a Minotaur Hexslinger on June 29, 2023.
             Slain by a cerulean imp
             ... wielding a +0 spear
             ... summoned by Natasha
              (3 damage)
             ... on level 1 of the Dungeon.
             The game lasted 00:00:18 (703 turns).

qw the Shooter (Minotaur Hexslinger)                 Turns: 703, Time: 00:00:19

Health: -1/30      AC:  6    Str: 12    XL:     3   Next: 28%
Magic:  3/3        EV: 11    Int: 10    God:
Gold:   63         SH:  0    Dex: 14    Spells: 3/4 levels left

rFire   . . .        Y - +1 sling
rCold   . . .        (no shield)
rNeg    . . .        i - +0 ring mail
rPois   .            (helmet restricted)
rElec   .            (no cloak)
rCorr   .            g - +0 pair of gloves
SInv    .            (no boots)
Will    .....        (no amulet)
Stlth   +            (no ring)
HPRegen 0.25/turn    (no ring)
MPRegen 0.08/turn

%: no passive effects
@: slowed, very slow
A: horns 2, retaliatory headbutt
a: no special abilities


You were on level 1 of the Dungeon.
You visited 1 branch of the dungeon, and saw 2 of its levels.

You collected 63 gold pieces.


Innate Abilities, Weirdness & Mutations

You have a pair of horns on your head.
You reflexively headbutt those who attack you in melee.


   Skills:
 - Level 2.5 Fighting
 + Level 3.5 Ranged Weapons
 - Level 2.1 Dodging
 - Level 1.0 Spellcasting
 - Level 2.0 Hexes


You had 3 spell levels left.
You knew the following spells:

 Your Spells              Type           Power      Damage    Failure   Level
a - Slow                  Hex            16%        N/A       34%         1

Your spell library contained the following spells:

 Spells                   Type           Power      Damage    Failure   Level
 Inner Flame              Hex/Fire       2%         N/A       83%         3
 Portal Projectile        Hex/Tloc       4%         N/A       83%         3
 Cause Fear               Hex            2%         N/A       98%         4

Inventory:

Hand Weapons
 Y - a +1 sling (weapon)
Armour
 g - a +0 pair of gloves (worn)
 i - a +0 ring mail (worn)
Potions
 e - a potion of mutation {unknown}
 j - a potion of resistance {unknown}

Dungeon Overview and Level Annotations

Branches:
Dungeon (2/15)

Altars:

Annotations:
D:1 Natasha


Message History

There is a stone staircase leading down here.
You shoot a sling bullet. The sling bullet barely misses Natasha.
Natasha casts a spell.
Natasha claws you.
You shoot a sling bullet.
The sling bullet closely misses Natasha.
Natasha mumbles some strange words.
The cerulean imp closely misses you. Natasha barely misses you.
The cerulean imp closely misses you.
You shoot a sling bullet.
The sling bullet closely misses Natasha.
Natasha claws you but does no damage. The cerulean imp closely misses you.
The cerulean imp hits you but does no damage.
Natasha claws you. The cerulean imp barely misses you.
You shoot a sling bullet. The sling bullet barely misses Natasha.
The cerulean imp hits you from afar with a +0 spear.
Natasha stares at you and mumbles some strange words.
The magic dart hits you!
The cerulean imp hits you but does no damage.
The cerulean imp hits you from afar with a +0 spear.
Natasha barely misses you. The cerulean imp misses you.
The cerulean imp barely misses you.
You shoot a sling bullet.
The sling bullet closely misses Natasha.
Natasha claws you but does no damage.
The cerulean imp hits you from afar with a +0 spear.
The cerulean imp hits you but does no damage.
Natasha barely misses you. The cerulean imp barely misses you.
You shoot a sling bullet. The sling bullet hits Natasha.
Natasha is severely wounded.
The cerulean imp hits you but does no damage.
Natasha completely misses you.
The cerulean imp hits you but does no damage.
The cerulean imp barely misses you. Natasha claws you.
You shoot a sling bullet.
The sling bullet hits Natasha but does no damage.
Natasha is severely wounded.
The cerulean imp barely misses you.
The cerulean imp hits you from afar with a +0 spear.
You die...

#########....#
#.## ##..#
###### #....#
#.# ##..
...)?####....#
##.# ####..
####........##
#..# #.....
########..#
##.## #....#
##.# #..#
#.####
#.#######.#####
#.#
#.............#
#.#
#####@.5......#
### #h.5......#
###########


You could see Natasha and 2 cerulean imps.

Vanquished Creatures
  A gnoll (D:1)
  2 endoplasms (D:1)
  A giant cockroach (D:1)
  3 goblins (D:1)
  4 hobgoblins (D:1)
  4 jackals (D:1)
  3 quokkas (D:1)
  2 frilled lizards (D:1)
  2 kobolds (D:1)
  5 rats (D:1)
27 creatures vanquished.

Notes
Turn   | Place    | Note
-------+----------+-------------------------------------------
     0 | D:1      | qw the Minotaur Hexslinger began the quest for the Orb.
     0 | D:1      | Reached XP level 1. HP: 16/16 MP: 1/1
     0 | D:1      | 0 ||| qw: Version: 0.3-a-24-ga2abf7b
     0 | D:1      | 0 ||| qw: Game counter: 7049
     0 | D:1      | 0 ||| qw: Melee chars always use a shield: true
     0 | D:1      | 0 ||| qw: God list: Okawaru
     0 | D:1      | 0 ||| qw: Allow faded altars: false
     0 | D:1      | 0 ||| qw: Do Orc after clearing Dungeon:15 true
     0 | D:1      | 0 ||| qw: Do second Lair branch before Depths: true
     0 | D:1      | 0 ||| qw: Lair rune preference: random
     0 | D:1      | 0 ||| qw: Goals: Normal
     0 | D:1      | 0 ||| PLANNING D:1-11
    32 | D:1      | HP: 4/16 [jackal (2)]
   123 | D:1      | Reached skill level 3 in Ranged Weapons
   124 | D:1      | Reached XP level 2. HP: 23/23 MP: 2/2
   336 | D:1      | Reached XP level 3. HP: 30/30 MP: 3/3
   645 | D:1      | 645 ||| UPGRADING to +0 leather armour.
   655 | D:1      | 655 ||| DROPPING +0 robe.
   656 | D:1      | 656 ||| UPGRADING to +0 pair of gloves.
   661 | D:1      | 661 ||| UPGRADING to +0 ring mail.
   671 | D:1      | 671 ||| DROPPING +0 leather armour.
   672 | D:1      | 672 ||| READING scroll labelled BUEDDO GUEX.
   673 | D:1      | 673 ||| READING scroll labelled OFOSEY QOCIRU.
   674 | D:1      | 674 ||| DROPPING scroll of poison.
   689 | D:2      | Noticed Natasha
   695 | D:2      | 695 ||| STAIRDANCE
   700 | D:1      | HP: 5/30 [Natasha/magic dart (7)]
   701 | D:1      | HP: 2/30 [cerulean imp/+0 spear[Natasha] (2)]
   703 | D:1      | Slain by a cerulean imp

Levels and vault maps discovered:
D:1:      saegor_arrival_simple_c, layout_rooms, dreamdust_princess_corridor,
          dk_noncrumbling_2
D:2:      layout_rooms, uniq_natasha

Skill      XL: |  1  2 |
---------------+-------+-----
Ranged Weapons | 3 |  3.5
Fighting       | 2 |  2.5
Dodging        | |  2.1
Spellcasting   | |  1.0
Hexes          | |  2.0

Action                     || total
---------------------------++-------
   Fire: Sling             ||    84
    Use: Scroll            ||     2
 Armour: Robe              ||     7
         Ring mail         ||     8
  Dodge: Dodged            ||    41

Table legend:
 A = Non-vault XP
 B = Vault XP
 C = Vault XP percentage of total XP
 D = Non-vault monster count
 E = Vault monster count
 F = Vault count percentage of total count
                 A         B        C        D         E       F
            +---------+---------+-------+---------+---------+-------
      Total |      57 |       0 |   0.0 |      27 |       0 |   0.0
            +---------+---------+-------+---------+---------+-------
        D:1 |      57 |       0 |   0.0 |      27 |       0 |   0.0
            +---------+---------+-------+---------+---------+-------
